 Dungeon Crawl Stone Soup version 0.28.0-45-g0d030f2227 (webtiles) character file.

Game seed: 10563210986437058422

40 MisterFreud the Changer (level 3, -4/28 HPs)
             Began as a Draconian Transmuter on Apr 19, 2022.
             Slain by a gnoll
             ... wielding a +0 spear
              (5 damage)
             ... on level 4 of the Dungeon.
             The game lasted 00:02:13 (1054 turns).

MisterFreud the Changer (Draconian Transmuter)      Turns: 1054, Time: 00:02:14

Health: -4/28      AC:  7    Str: 18    XL:     3   Next: 30%
Magic:  6/6        EV: 12    Int: 15    God:
Gold:   19         SH:  0    Dex: 11    Spells: 0/6 levels left

rFire   . . .      SeeInvis .     - Unarmed
rCold   . . .      Faith    .   (no shield)
rNeg    . . .      Spirit   .   (armour unavailable)
rPois   .          Reflect  .   (helmet restricted)
rElec   .          Harm     .   (no cloak)
rCorr   .          Rampage  .   h - +1 pair of gloves
Will    +....                   (no boots)
Stlth   +.........              (no amulet)
HPRegen 0.09/turn               e - ring of willpower
MPRegen 0.10/turn               f - +6 ring of strength

@: no status effects
A: AC +5, unfitting armour, cold-blooded
a: no special abilities


You were on level 4 of the Dungeon.
You visited 1 branch of the dungeon, and saw 4 of its levels.

You collected 19 gold pieces.

Inventory:

Armour
 h - a +1 pair of gloves (worn)
Jewellery
 e - a ring of willpower (left hand)
 f - a +6 ring of strength (right hand)
Potions
 d - a potion of mutation {unknown}
 i - a potion of attraction {unknown}
 j - a potion of lignification {unknown}


   Skills:
 - Level 1.1 Fighting
 - Level 1.7 Dodging
 - Level 3.0 Unarmed Combat
 - Level 2.0 Spellcasting
 + Level 3.8 Transmutations


You couldn't memorise any spells.
You knew the following spells:

 Your Spells              Type           Power      Damage    Failure   Level
a - Beastly Appendage     Tmut           24%        N/A       4%          1
b - Wereblood             Tmut           12%        N/A       7%          2
c - Spider Form           Tmut/Pois      7%         N/A       30%         3

Your spell library contained the following spells:

 Spells                   Type           Power      Damage    Failure   Level
 Animate Skeleton         Necr           2%         N/A       22%         1
 Pain                     Necr           4%         1d4       22%         1
 Vampiric Draining        Necr           1%         2d6       54%         3
 Ice Form                 Ice/Tmut       7%         N/A       71%         4


Dungeon Overview and Level Annotations

Branches:
Dungeon (4/15)
 Temple: D:4-7

Altars:
Makhleb

Annotations:
D:3 Natasha


Innate Abilities, Weirdness & Mutations

Your plain brown scales are hard. (AC +5)
You cannot fit into any form of body armour.
You are cold-blooded and may be slowed by cold attacks.


Message History

You feel yourself speed up.
The gnoll throws a throwing net.
The throwing net barely misses you.
You see here a throwing net.
Your magical contamination has completely faded away.
Found a leather armour.
Found 20 bolts.
Found 3 gold pieces.
You see here 20 bolts.
A ball python comes into view.
Found a hunting sling.
As you read the scroll labelled YTTANIRGHIW, it crumbles to dust.
You feel aware of your surroundings.
It was a scroll of magic mapping.
As you read the scroll labelled PYULY ZARUFYUTH, it crumbles to dust.
It is a scroll of enchant armour.
Your +0 pair of gloves glows green for a moment.
As you read the scroll labelled XEITUO JOVAU, it crumbles to dust.
It is a scroll of enchant weapon.
You aren't carrying any weapons that can be enchanted.
The gnoll hits you from afar with a +0 halberd of freezing.
* * * LOW HITPOINT WARNING * * *
You feel yourself slow down. The gnoll freezes you.
* * * LOW HITPOINT WARNING * * *
Unknown command.
As you read the scroll labelled LALAEB HIGG, it crumbles to dust.
The creatures around you are filled with an inner flame!
It was a scroll of immolation.
The gnoll closely misses you. The gnoll completely misses you.
You feel yourself speed up. The gnoll hits you but does no damage.
The gnoll hits you from afar with a +0 spear.
* * * LOW HITPOINT WARNING * * *
The gnoll closely misses you. The gnoll closely misses you.
The gnoll closely misses you. The gnoll hits you but does no damage.
The gnoll hits you from afar with a +0 halberd of freezing.
* * * LOW HITPOINT WARNING * * *
The gnoll freezes you.
* * * LOW HITPOINT WARNING * * *
The gnoll hits you with a +0 spear.
You die...

,,*,**,,,,,,* #..........#
,,,,**,,,,,,* #...g#####.#
,,***********###....###...#
******* #...g.......##
,,*,,,*#######..(........#
,,*,,,,..................#
,,*,,,,........####...#.##
,,,,,,,S..........#...#.#
*****
,,,,,,,.........@.#.$.#,#
*,,,*
,,,,,,*#######.g..#...#,*
*,*,* ,,,,,,* #.g.g#,..#,*
*,*,* ,,,,,,* #....#,,,*,*
*,*,*** *******
#....#,,,*,* *,*,*<*
#....#,,,*,***,*,*,*
#....#****,,,,,,,*,* #.)..#
*****,***,* #....# *,,,,,*


You could see 3 gnolls.

Vanquished Creatures
  A gnoll (D:4)
  A dart slug (D:1)
  2 endoplasms (D:2)
  A hobgoblin (D:1)
  7 jackals (D:1)
  A quokka (D:1)
  2 ball pythons (D:1)
  A bat (D:1)
  3 frilled lizards (D:1)
  4 goblins
  3 kobolds (D:1)
  A rat (D:1)
27 creatures vanquished.

Vanquished Creatures (others)
  A ball python (D:3)
1 creature vanquished.

Grand Total: 28 creatures vanquished

Notes
Turn   | Place    | Note
-------+----------+-------------------------------------------
     0 | D:1      | MisterFreud the Draconian Transmuter began the quest for
                  | the Orb.
     0 | D:1      | Reached XP level 1. HP: 16/16 MP: 3/3
   309 | D:1      | Reached XP level 2. HP: 23/23 MP: 3/5
   741 | D:2      | Reached XP level 3. HP: 28/28 MP: 4/6
   781 | D:2      | You fall into a shaft and drop 1 floor!
   781 | D:3      | Noticed Natasha
   782 | D:3      | Found a faded altar of an unknown god.
   790 | D:3      | Found a burning altar of Makhleb.
   968 | D:4      | Learned a level 2 spell: Wereblood
   972 | D:4      | Learned a level 3 spell: Spider Form
  1054 | D:4      | HP: 1/28 [gnoll/+0 halberd of freezing (1)]
  1054 | D:4      | Slain by a gnoll

Illustrated notes

Levels and vault maps discovered:
D:1:      dpeg_arrival_rooms_b, layout_rooms, grunt_decor_fettered,
          minmay_ruptured
D:2:      layout_loops_ring, minmay_tree_intersection, uniq_jessica
D:3:      layout_basic, chei_slow_surprise, nemelex_dance_club_becter,
          bloody_makhleb, nicolae_ecumenical_lake_church, skrybe_limestone_x,
          kennysheep_generic_room_9, uniq_natasha
D:4:      layout_basic

Skill      XL: |  1  2 |
---------------+-------+-----
Transmutations | 3 |  3.8
Fighting       | |  1.1
Dodging        | |  1.7
Unarmed Combat | |  3.0
Spellcasting   | |  2.0

Action                   || total
-------------------------++-------
Melee: Unarmed           ||    82
       Kick              ||    11
       Headbutt          ||     6
       Tailslap          ||     4
       Punch             ||     2
 Cast: Beastly Appendage ||    14
       Spider Form       ||     1
  Use: Scroll            ||     4
 Stab: Sleeping          ||     1
Armor: Skin              ||    30
Dodge: Dodged            ||    72
